Unix NetHack Version 3.7.0-102 Work-in-progress - last build Apr 6 2024 13:22:21 (d302a6a9ff6341f1a922d8f5af178406b35fdf99,branch:master). Game began 2024-04-06 22:25:52, ended 2024-04-06 23:06:35. priyavt, lawful male human Knight ------ ------------ |....| ---------------- ##########|..........| |....| ---------- ##...............| ######## #|..........|######.....| |........| # |...............#### #|..........|# |<...| |.........######-..............| #|..........|######-....| |........| # -----|---------- #|...........# |....| -------|-- # # 0#####----------.-# -.---- # ## # ######0####### ##### # # # ####### # # # ### ##### # # ## --|-.----------- -------.------ # ----.-## |..............| #.............| -----.- |....|# |..............| ####|.........`..| |..%..| |....|# |...............### |............| |...Z.| |.....# |..............| -------------- |...@.| ------ ---------------- |.>...| ------- Priyavt the Esquire St:13 Dx:9 Co:12 In:8 Wi:14 Ch:18 Lawful S:418 Dlvl:3 $:32 HP:0(29) Pw:23(23) AC:2 Xp:3/54 T:2143 Fainted Burdened Deaf Latest messages: The goblin misses! You hit the goblin. The goblin hits! You kill the goblin! You see here a goblin corpse. You faint from lack of food. You regain consciousness. You can hear again. You see here a goblin corpse. You faint from lack of food. You regain consciousness. You fall down the stairs. The fox misses! You can hear again. You faint from lack of food. The fox misses! The fox bites! The fox misses! The fox misses! The fox misses! The fox bites! The fox misses! The fox bites! The fox bites! The fox bites! The fox bites! The fox just misses! The fox bites! The fox bites! The fox bites! The fox misses! The fox bites! The fox bites! The fox misses! The fox bites! You regain consciousness. You climb up the stairs. You faint from lack of food. You regain consciousness. You can hear again. You miss the gnome zombie. You faint from lack of food. The gnome zombie hits! The gnome zombie hits! You die... Do you want your possessions identified? [ynq] (y) Do you want to see your attributes? [ynq] (y) Do you want an account of creatures vanquished? [ynaq] (y) Do you want to see your conduct and achievements? [ynq] (y) Do you want to see the dungeon overview? [ynq] (y) Inventory: Coins $ - 32 gold pieces Weapons o - 8 cursed +0 ya (in quiver) a - a +1 long sword (alternate weapon; not wielded) b - a +1 lance (weapon in right hand) Armor d - an uncursed +0 helmet (being worn) f - an uncursed +0 pair of leather gloves (being worn) w - an uncursed +0 pair of elven boots (being worn) e - an uncursed +0 small shield (being worn) c - an uncursed +1 ring mail (being worn) Comestibles g - 11 uncursed apples h - 12 uncursed carrots Spellbooks j - an uncursed spellbook of knock Potions l - an uncursed potion of extra healing k - an uncursed potion of healing u - an uncursed potion of invisibility s - a cursed potion of levitation Wands n - a wand of magic missile (0:5) Tools v - an uncursed oil lamp Gems/Stones y - an uncursed fluorite stone q - an uncursed worthless piece of violet glass r - a cursed worthless piece of yellow glass i - an uncursed worthless piece of yellowish brown glass p - a cursed worthless piece of yellowish brown glass Priyavt the Knight's attributes: Background: You were an Esquire, a level 3 male human Knight. You were lawful, on a mission for Lugh who was opposed by Brigit (neutral) and Manannan Mac Lir (chaotic). You were right-handed. You were in the Dungeons of Doom, on level 3. You entered the dungeon 2143 turns ago. It was nighttime. You had 54 experience points, 26 more were needed to attain level 4. Your score was 418 before end-of-game adjustments. Basics: You had 0 out of 29 hit points. You had all 23 energy points (spell power). Your armor class was 2. Your wallet contained 32 zorkmids. Autopickup was off. Final Characteristics: Your strength was 13 (base:14, peak:15, limit:18/100). Your dexterity was 9 (limit:18). Your constitution was 12 (limit:18). Your intelligence was 8 (limit:18). Your wisdom was 14 (limit:18). Your charisma was 18 (limit:18). Final Status: You were deaf. You were fainted due to starvation. You were burdened; movement was slightly slowed. You were wielding a lance. You had basic skill with lance. Final Attributes: You were piously aligned. You were stealthy. You could jump. You were warded. You are dead. Miscellaneous: You never encountered a bones level. Total elapsed playing time was 40 minutes and 42 seconds. Major events: Turn 1: priyavt the lawful male human Knight entered the dungeon 1747: attained the rank of Esquire (level 3) 2143: killed by a gnome zombie, while fainted from lack of food Vanquished creatures: a large kobold a yellow mold 2 geckos a jackal a fox a kobold 2 goblins 2 sewer rats 2 lichens 2 kobold zombies 7 newts 22 creatures vanquished. No species were genocided or became extinct. Voluntary challenges: You read items or engraved 4 times. You never engraved Elbereth. You never genocided any monsters. You never polymorphed an object. You never changed form. You used no wishes. Achievement: You attained the rank of Esquire. The Dungeons of Doom: levels 1 to 4 Level 1: Some altars, a fountain, a sink. Level 2: A grave. Level 3: <- You were here. Final resting place for you, killed by a gnome zombie, while fainted from lack of food. Level 4: Game over: ---------- / \ / REST \ / IN \ / PEACE \ / \ | priyavt | | 32 Au | | killed by a | | gnome zombie | | | | | | 2024 | *| * * * | * _________)/\\_//(\/(/\)/\//\/|_)_______ Fare thee well priyavt the Knight... You died in The Dungeons of Doom on dungeon level 3 with 415 points, and 32 pieces of gold, after 2143 moves. You were level 3 with a maximum of 29 hit points when you died.